 Dungeon Crawl Stone Soup version 0.29.0-4-gdea44cf6ec (webtiles) character file.

Game seed: 1317212988837521252

32 qw the Vexing (level 3, 0/35 HPs)
             Began as an Ogre Enchanter on Sept 4, 2022.
             Killed from afar by Natasha (4 damage)
             ... with a magic dart
             ... on level 2 of the Dungeon.
             The game lasted 00:00:39 (2064 turns).

qw the Vexing (Ogre Enchanter)                      Turns: 2064, Time: 00:00:40

Health: 0/35       AC:  3    Str: 14    XL:     3   Next: 27%
Magic:  6/6        EV:  9    Int: 16    God:
Gold:   36         SH:  0    Dex:  9    Spells: 6/6 levels left

rFire   . . .      SeeInvis .   Y - +0 hand axe
rCold   . . .      Faith    .   (no shield)
rNeg    . . .      Spirit   .   b - +0 robe
rPois   .          Reflect  .   (helmet restricted)
rElec   .          Harm     .   (no cloak)
rCorr   .          Rampage  .   (gloves unavailable)
Will    .....                   (boots unavailable)
Stlth   ++........              (no amulet)
HPRegen 0.11/turn               (no ring)
MPRegen 0.10/turn               (no ring)

@: slowed, very slow
A: large, unfitting armour, tough skin 1
a: no special abilities


You were on level 2 of the Dungeon.
You visited 1 branch of the dungeon, and saw 2 of its levels.

You collected 36 gold pieces.


Innate Abilities, Weirdness & Mutations

You are too large for most types of armour.
You have tough skin. (AC +1)


   Skills:
 - Level 2.2 Fighting
 - Level 0.8 Short Blades
 + Level 2.1 Axes
 - Level 1.7 Dodging
 - Level 2.1 Stealth
 - Level 2.4 Spellcasting
 - Level 2.6 Hexes


You had 6 spell levels left.
You didn't know any spells.
Your spell library contained the following spells:

 Spells                   Type           Power      Damage    Failure   Level
 Ensorcelled Hibernation  Hex/Ice        12%        N/A       17%         2
 Confusing Touch          Hex            10%        N/A       21%         3
 Tukima's Dance           Hex            10%        N/A       21%         3
 Dazzling Flash           Conj/Hex       12%        N/A       34%         3

Inventory:

Hand Weapons
 e - a +0 club
 Y - a +0 hand axe (weapon)
Armour
 b - a +0 robe (worn)
Scrolls
 a - a scroll of identify {unknown}

Dungeon Overview and Level Annotations

Branches:
Dungeon (2/15)

Altars:

Shops:
D:1 (

Annotations:
D:2 Natasha


Message History

The ball python closely misses you.
You hit the ball python.
You kill the ball python!
You start resting.
HP restored.
You see here a +2 sling of freezing.
a - a scroll labelled DYQOEL REINE Natasha, Servant of Life and Death comes into view.
Natasha hisses angrily.
Natasha stares at you and mumbles some strange words.
The magic dart hits you!
2054 ||| FLEEEEING.
Natasha stares at you and mumbles some strange words.
You feel yourself slow down. Natasha claws you but does no damage.
Natasha casts a spell at you. You resist with some effort.
You hit Natasha.
Natasha is moderately wounded.
Natasha claws you but does no damage. Natasha closely misses you.
You closely miss Natasha. You punch Natasha.
Natasha is heavily wounded.
Natasha closely misses you. Natasha barely misses you.
You hit Natasha.
Natasha is heavily wounded.
Natasha claws you!
You miss Natasha.
Natasha is heavily wounded.
Natasha closely misses you. Natasha claws you!
You barely miss Natasha.
Natasha is heavily wounded.
Natasha barely misses you. Natasha claws you!
You hit Natasha.
Natasha is severely wounded.
Natasha closely misses you. x2
You hit Natasha but do no damage.
Natasha is severely wounded.
Natasha casts a spell at you. The magic dart hits you.
You die...

#..
.............#
.............#
#####........#
#........#
####.##### #.#
#.# #.# #@#
#h# #.# #.#
#.# #.# #.#
#.#


You could see Natasha.

Vanquished Creatures
  An adder (D:2)
  3 ball pythons
  4 endoplasms (D:1)
  A giant cockroach (D:1)
  2 hobgoblins (D:1)
  3 quokkas
  3 bats (D:1)
  2 frilled lizards (D:1)
  A kobold (D:1)
  2 rats (D:1)
22 creatures vanquished.

Notes
Turn   | Place    | Note
-------+----------+-------------------------------------------
     0 | D:1      | qw the Ogre Enchanter began the quest for the Orb.
     0 | D:1      | Reached XP level 1. HP: 16/16 MP: 3/3
     0 | D:1      | 0 ||| qw: Version: 0.1-a-103-gd6f5d3a
     0 | D:1      | 0 ||| qw: Game counter: 5519
     0 | D:1      | 0 ||| qw: Always use a shield: true
     0 | D:1      | 0 ||| qw: God list: Okawaru
     0 | D:1      | 0 ||| qw: Allow faded altars: false
     0 | D:1      | 0 ||| qw: Do Orc after D:15 true
     0 | D:1      | 0 ||| qw: Do second Lair branch before Depths: true
     0 | D:1      | 0 ||| qw: Lair rune preference: random
     0 | D:1      | 0 ||| qw: Plans: Normal
     0 | D:1      | 0 ||| PLANNING D:1-11
   149 | D:1      | Reached skill level 1 in Axes
   348 | D:1      | HP: 4/16 [endoplasm (2)]
   603 | D:1      | Reached skill level 1 in Fighting
   615 | D:1      | Reached XP level 2. HP: 20/27 MP: 5/5
   738 | D:1      | 738 ||| SWAPPING to +0 trident.
   739 | D:1      | 739 ||| DROPPING +1 dagger.
   805 | D:1      | Found a faded altar of an unknown god.
   819 | D:1      | 819 ||| SWAPPING to +0 hand axe.
   820 | D:1      | 820 ||| DROPPING +0 trident.
  1042 | D:1      | Found Somoem's Antique Weapon Emporium.
  1081 | D:1      | 1081 ||| SHOPLISTING mace (57 gold, have 20).
  1081 | D:1      | 1081 ||| SHOPLISTING runed war axe (123 gold, have 20).
  1604 | D:1      | 1604 ||| READING scroll labelled ROPO OGAPU.
  1605 | D:1      | 1605 ||| READING 3 scrolls labelled QYGEN WOAGOM.
  1606 | D:1      | 1606 ||| DROPPING 2 potions of invisibility.
  1607 | D:1      | 1607 ||| DROPPING 2 scrolls of amnesia.
  1643 | D:2      | 1643 ||| Stepping ~*~*~tactically~*~*~ (stealth).
  1655 | D:2      | HP: 5/27 [adder (3)]
  1659 | D:2      | HP: 2/27 [adder (3)]
  1661 | D:2      | Reached XP level 3. HP: 2/35 MP: 6/6
  1689 | D:2      | 1689 ||| FLEEEEING.
  1691 | D:2      | 1691 ||| STAIRDANCE
  2006 | D:2      | 2006 ||| Stepping ~*~*~tactically~*~*~ (stealth).
  2008 | D:2      | 2008 ||| Stepping ~*~*~tactically~*~*~ (stealth).
  2052 | D:2      | Noticed Natasha
  2054 | D:2      | 2054 ||| FLEEEEING.
  2062 | D:2      | HP: 3/35 [Natasha (8)]
  2064 | D:2      | Killed from afar by Natasha

Levels and vault maps discovered:
D:1:      eino_arrival_cavern_d, layout_loops_ring, serial_shops,
          nicolae_square_shop, ebering_ecumenical_altar_mist
D:2:      layout_basic, uniq_robin, uniq_natasha

Skill      XL: |  1  2 |
---------------+-------+-----
Axes           | 1 2 |  2.1
Fighting       | 1 2 |  2.2
Short Blades   | |  0.8
Dodging        | |  1.7
Stealth        | |  2.1
Spellcasting   | |  2.4
Hexes          | |  2.6

Action                   || total
-------------------------++-------
Melee: Dagger            ||    34
       Hand axe          ||    64
       Trident           ||    10
       Punch             ||     1
  Use: Scroll            ||     2
 Stab: Sleeping          ||     1
Armor: Robe              ||    30
Dodge: Dodged            ||    49

Table legend:
 A = Non-vault XP
 B = Vault XP
 C = Vault XP percentage of total XP
 D = Non-vault monster count
 E = Vault monster count
 F = Vault count percentage of total count
                 A         B        C        D         E       F
            +---------+---------+-------+---------+---------+-------
      Total |      47 |       0 |   0.0 |      22 |       0 |   0.0
            +---------+---------+-------+---------+---------+-------
        D:1 |      29 |       0 |   0.0 |      18 |       0 |   0.0
        D:2 |      18 |       0 |   0.0 |       4 |       0 |   0.0
            +---------+---------+-------+---------+---------+-------
